AoeStats
← 大王同学

QS Arena

503132552Analyzed
4v4 RM · 1mo ago on Aug 30, 2026· 47m 14s· 8 players
Game mode
Random Map
Map size
Large (8 player)
Population
200
Speed
Normal
Resources
Standard
Victory
Conquest
Starting age
Dark Age
Ending age
Imperial Age
RankedLock teamsTeams togetherTeam positionsShared explorationLock speedFull tech treeHidden civsTurbo modeCheats
Victory
Defeat
🇫🇷 Vikings · France
1250
+11
🇯🇵 Britons · Japan
1217
+13
🇬🇧 Tatars · United Kingdom
1195
+14
🇫🇷 Poles · France
1188
+14
🇭🇰 Koreans · Hong Kong SAR China
1320
-21
🇺🇸 Franks · United States
1200
-15
🇨🇳 Persians · China
1067
-32
🇨🇳 Huns · China
1010
-8
sada-aki
4:18 Loom
8:58 Feudal Age
10:20 Double-Bit Axe
13:27 Castle Age
12:06 Horse Collar
14:20 Bow Saw
23:01 Gold Mining
27:38 Imperial Age
25:01 Treadmill Crane
25:47 Ballistics
26:10 Wheelbarrow
25:27 Pikeman
25:52 Gambesons
26:08 Squires
25:55 Arson
26:23 Forging
26:16 Stone Mining
27:42 Iron Casting
27:10 Scale Mail Armor
27:51 Hand Cart
28:39 Chain Mail Armor
29:27 Blast Furnace
28:11 Halberdier
30:02 Plate Mail Armor
30:37 Two-Man Saw
32:33 Gold Shaft Mining
32:24 Conscription
32:06 Warwolf
32:49 Fortified Wall
33:40 Chemistry
34:04 Coinage
33:27 Fletching
33:39 Padded Archer Armor
34:07 Siege Engineers
41:23 Bodkin Arrow
41:45 Leather Archer Armor
42:05 Bracer
42:29 Yeomen
42:21 Crossbowman
43:37 Banking
43:39 Ring Archer Armor
43:15 Arbalester
tomtom
8:34 Feudal Age
12:17 Castle Age
10:48 Double-Bit Axe
11:57 Horse Collar
17:12 Bow Saw
18:26 Heavy Plow
19:33 Loom
19:54 Stone Mining
25:35 Imperial Age
23:05 Town Watch
23:23 Scale Mail Armor
23:34 Forging
23:50 Gold Mining
24:17 Padded Archer Armor
24:22 Scale Barding Armor
24:32 Chain Mail Armor
26:44 Chieftains
27:05 Conscription
28:25 Two-Man Saw
29:09 Plate Mail Armor
29:47 Iron Casting
31:06 Elite Berserk
33:47 Hoardings
33:36 Gambesons
33:52 Squires
33:39 Arson
34:18 Fletching
34:29 Padded Archer Armor
35:40 Chemistry
35:00 Ballistics
34:22 Treadmill Crane
35:47 Chemistry
35:08 Ballistics
34:21 Crossbowman
35:09 Bodkin Arrow
35:28 Bogsveigar
35:02 Arbalester
36:48 Bracer
36:24 Capped Ram
38:25 Leather Archer Armor
38:31 Siege Ram
38:36 Man-at-Arms
38:36 Pikeman
38:51 Elite Skirmisher
39:33 Long Swordsman
41:53 Ring Archer Armor
41:11 Two-Handed Swordsman
42:22 Masonry
45:07 Champion
47:18 Blast Furnace
Stratty
8:56 Feudal Age
7:11 Loom
10:20 Wheelbarrow
11:25 Double-Bit Axe
14:24 Castle Age
13:34 Horse Collar
13:52 Gold Mining
20:57 Heavy Plow
23:55 Bow Saw
23:37 Gold Mining
23:42 Stone Mining
24:56 Hand Cart
27:01 Bloodlines
26:52 Husbandry
29:58 Imperial Age
28:01 Scale Barding Armor
28:07 Forging
29:49 Chain Barding Armor
30:23 Iron Casting
31:02 Conscription
30:07 Heavy Camel Rider
31:24 Plate Barding Armor
32:55 Blast Furnace
33:43 Chemistry
41:29 Light Cavalry
42:16 Hussar
La Teigne
8:56 Feudal Age
12:42 Castle Age
10:37 Horse Collar
11:10 Double-Bit Axe
13:36 Heavy Plow
13:49 Bow Saw
17:44 Wheelbarrow
21:10 Hand Cart
23:49 Imperial Age
21:34 Loom
21:34 Town Watch
21:59 Scale Mail Armor
22:09 Forging
21:58 Gold Mining
22:01 Stone Mining
23:37 Stone Shaft Mining
23:44 Chain Mail Armor
24:05 Iron Casting
25:30 Chemistry
25:05 Plate Mail Armor
24:40 Squires
24:27 Arson
24:59 Elite Obuch
27:21 Blast Furnace
29:06 Conscription
28:38 Fletching
30:54 Pikeman
34:25 Bodkin Arrow
36:34 Bracer
大王同学
9:05 Feudal Age
13:08 Castle Age
11:24 Horse Collar
12:04 Double-Bit Axe
15:21 Bow Saw
20:55 Wheelbarrow
22:13 Loom
22:43 Hand Cart
26:06 Imperial Age
23:51 Heavy Plow
24:05 Town Watch
24:13 Fletching
24:49 Ballistics
25:01 Scale Mail Armor
25:13 Forging
25:02 Gold Mining
25:03 Stone Mining
25:36 Masonry
25:34 Bodkin Arrow
26:26 Gold Shaft Mining
25:42 Treadmill Crane
26:00 Murder Holes
25:34 Pikeman
25:52 Crossbowman
26:37 Thumb Ring
27:07 Bracer
28:14 Chemistry
28:19 Eupseong
27:57 Arbalester
30:39 Conscription
31:25 Chain Mail Armor
31:21 Thumb Ring
32:05 Architecture
32:18 Arrowslits
34:10 Elite Skirmisher
35:58 Siege Engineers
蓝色村民
9:05 Feudal Age
12:37 Castle Age
10:28 Double-Bit Axe
11:14 Horse Collar
14:01 Bow Saw
19:56 Wheelbarrow
19:10 Loom
20:08 Forging
21:18 Heavy Plow
22:35 Hand Cart
22:36 Gold Mining
22:37 Stone Mining
26:50 Imperial Age
26:30 Forging
26:26 Scale Barding Armor
27:06 Scale Barding Armor
28:24 Iron Casting
28:41 Gold Shaft Mining
28:42 Stone Shaft Mining
28:41 Crop Rotation
29:13 Two-Man Saw
28:29 Bloodlines
28:23 Husbandry
28:09 Cavalier
30:32 Conscription
31:15 Blast Furnace
30:36 Chain Barding Armor
29:53 Savar
30:42 Fletching
32:14 Plate Barding Armor
35:56 Scale Mail Armor
36:06 Heavy Camel Rider
39:04 Caravan
38:53 Light Cavalry
40:50 Squires
43:53 Gambesons
43:29 Pikeman
44:30 Chain Mail Armor
44:59 Kamandaran
鱼塘里的鱼儿
6:17 Loom
6:59 Loom
9:43 Feudal Age
12:59 Wheelbarrow
12:12 Double-Bit Axe
15:37 Castle Age
16:35 Hand Cart
16:50 Bow Saw
22:23 Gold Mining
24:18 Gold Shaft Mining
27:56 Imperial Age
25:11 Town Watch
25:54 Scale Barding Armor
26:37 Husbandry
27:13 Stone Mining
27:49 Chain Barding Armor
27:40 Forging
28:22 Town Patrol
29:01 Iron Casting
28:17 Fletching
28:23 Cavalier
30:23 Plate Barding Armor
30:49 Blast Furnace
30:24 Bodkin Arrow
30:35 Chivalry
31:31 Conscription
31:19 Paladin
34:29 Hoardings
37:44 Coinage
39:15 Scale Mail Armor
39:18 Squires
39:29 Elite Throwing Axeman
40:30 #83
40:50 Chain Mail Armor
41:44 Arson
wujiang
9:14 Feudal Age
13:15 Castle Age
11:09 Double-Bit Axe
11:24 Horse Collar
15:14 Bow Saw
19:49 Wheelbarrow
21:38 Gold Mining
23:14 Stone Mining
24:15 Hand Cart
27:22 Imperial Age
25:53 Gold Shaft Mining
25:11 Fletching
26:14 Bodkin Arrow
26:36 Bloodlines
26:27 Husbandry
27:33 Padded Archer Armor
27:55 Ballistics
28:01 Heavy Cavalry Archer
30:27 Parthian Tactics
31:05 Chemistry
37:41 Elite Skirmisher
38:29 Light Cavalry
39:26 Loom
42:25 Squires
41:56 Pikeman
Connection lost

Rejoining the realm…

Still unreachable

The connection could not be restored.

Session expired

The server has moved on; the page needs a fresh start.